 Dungeon Crawl Stone Soup version 0.23-a0-398-g8eab93f (webtiles) character file.

510994 EvilAliv3 the Slayer (level 26, -1/204 HPs)
             Began as a Halfling Berserker on Oct 29, 2018.
             Was a High Priest of Trog.
             Splashed by an acid blob's acid (5 damage)
             ... created by the Royal Jelly
             ... on level 5 of the Pits of Slime on Nov 2, 2018.
             The game lasted 10:50:44 (68321 turns).

EvilAliv3 the Slayer (Halfling Berserker)          Turns: 68321, Time: 10:50:45

Health: -1/204     AC: 28    Str: 26    XL:     26   Next: 84%
Magic:  27/34      EV: 19    Int:  2    God:    Trog [*****.]
Gold:   2040       SH: 10    Dex: 20    Spells: 25/25 levels left

rFire    + + +     SeeInvis .   a - +12 long sword of the Ass {slice, Dex+2 Stlth+}
rCold    + + +     Gourm    .   f - +3 buckler {reflect}
rNeg     + + .     Faith    .   C - +13 crystal plate armour {ponderous}
rPois    +         Spirit   .   W - +2 helmet
rElec    .         Reflect  +   V - +2 cloak of Winter {rPois rC+}
rCorr    +         Harm     .   L - +1 pair of gloves
MR       +++++                  m - +2 pair of boots {run}
Stlth    ..........             P - amulet "Sithram" {rC+ rN++ Regen+}
HPRegen  1.84/turn              y - ring "Ywiatuvo" {*Slow rF+++ rC+ MR++ Int-3}
MPRegen  0.24/turn              o - ring of resist corrosion

@: corroded, berserk cooldown, very slightly contaminated, regenerating, hasted
and slowed
A: small, mutation resistance 1
}: 2/15 runes: barnacled, gossamer
a: Berserk, Trog's Hand, Brothers in Arms, Renounce Religion


You were on level 5 of the Pits of Slime.
You worshipped Trog.
Trog was extremely pleased with you.
You were not hungry.

You visited 9 branches of the dungeon, and saw 48 of its levels.
You also visited: Labyrinth, Trove and Wizlab.

You collected 5994 gold pieces.
You spent 3954 gold pieces at shops.

Inventory:

Hand Weapons
 a - the +12 long sword of the Ass (weapon) {slice, Dex+2 Stlth+}
   (You found it on level 3 of the Elven Halls)

   It inflicts extra damage upon your enemies.
   It affects your dexterity (+2).
   It makes you more stealthy.
 b - the +5 hunting sling of Recklessness {flame, +Blink rElec rPois rN+}
   (Trog gifted it to you on level 4 of the Spider Nest)

   It causes projectiles fired from it to burn those they strike, causing extra
   injury to most foes and up to half again as much damage against particularly
   susceptible opponents.
   It insulates you from electricity.
   It protects you from poison.
   It protects you from negative energy.
   It lets you blink.
 q - the +9 sword of Zonguldrok {reap}
   (You found it in a wizard's laboratory)

   If a monster killed with it leaves a corpse in good enough shape, the corpse
   will be animated as a zombie friendly to the killer.
 w - a +9 antimagic demon blade
Missiles
 d - 7 throwing nets (quivered)
 p - 902 sling bullets
Armour
 f - a +3 buckler of reflection (worn)
 m - a +2 pair of boots of running (worn)
 C - a +13 crystal plate armour of ponderousness (worn)
 L - a +1 pair of gloves (worn)
 V - the +2 cloak of Winter (worn) {rPois rC+}
   (You found it on level 3 of the Elven Halls)

   It protects you from cold.
   It protects you from poison.
 W - a +2 helmet (worn)
Jewellery
 h - the amulet "Udghost" {Acrobat rElec rC- MR+ Str+7}
   (You acquired it on level 2 of the Depths)

   [amulet of the acrobat]

   It helps you evade while moving and waiting.
   It affects your strength (+7).
   It makes you vulnerable to cold.
   It insulates you from electricity.
   It affects your resistance to hostile enchantments.
 l - the ring "Ufoepeq" {+Fly rF+ SInv}
   (You took it off a minotaur in a labyrinth)

   [ring of flight]

   It protects you from fire.
   It lets you see invisible.
   It lets you fly.
 o - a ring of resist corrosion (right hand)
 y - the ring "Ywiatuvo" (left hand) {*Slow rF+++ rC+ MR++ Int-3}
   (You found it in a treasure trove)

   [ring of protection from cold]

   It affects your intelligence (-3).
   It renders you almost immune to fire.
   It protects you from cold.
   It affects your resistance to hostile enchantments.
   It may slow you when you take damage.
 H - a +6 ring of protection
 P - the amulet "Sithram" (around neck) {rC+ rN++ Regen+}
   (You found it in a treasure trove)

   [amulet of regeneration]

   It protects you from cold.
   It greatly protects you from negative energy.
   It increases your rate of regeneration.
Wands
 g - a wand of disintegration (10)
 i - a wand of paralysis (44)
 B - a wand of digging (5)
 G - a wand of iceblast (38)
 T - a wand of acid (21)
 U - a wand of flame (110)
Scrolls
 n - 7 scrolls of blinking
 x - 3 scrolls of holy word
 A - 16 scrolls of identify
 D - 8 scrolls of immolation
 E - 7 scrolls of magic mapping
 F - 5 scrolls of fear
 M - 19 scrolls of remove curse
 S - 2 scrolls of teleportation
Potions
 c - 3 potions of might
 j - 11 potions of curing
 t - a potion of invisibility
 z - 4 potions of resistance
 N - 2 potions of haste
 R - 3 potions of agility
Miscellaneous
 e - a phial of floods
 s - 3 boxes of beasts
 u - a lamp of fire
 X - a fan of gales
 Y - 2 sacks of spiders
 Z - a lightning rod (4/4)
Comestibles
 Q - 47 rations


   Skills:
 * Level 22.8 Fighting
 + Level 17.6 Long Blades
 - Level 14.0 Slings
 * Level 22.3 Armour
 - Level 15.0 Dodging
 - Level 5.6 Shields
 - Level 15.0 Evocations


You had 25 spell levels left.
You didn't know any spells.
Your spell library was empty.

Dungeon Overview and Level Annotations

Branches:
Dungeon (15/15)            Temple (0/1) D:5            Lair (6/6) D:10
 Shoals (4/4) Lair:2       Spider (4/4) Lair:4        Slime (5/5) Lair:6
    Orc (2/2) D:11            Elf (3/3) Orc:2        Vaults (4/5) D:13
  Crypt (0/3) Vaults:2     Depths (5/5) D:15            Zot (0/5) Depths:5

Altars:
Ashenzari
Cheibriados
Dithmenos
Fedhas
Gozag
Makhleb
Nemelex Xobeh
Okawaru
Sif Muna
Wu Jian
Zin
The Shining One
Beogh
Jiyva

Shops:
D:4 *   D:10 (   D:11 [   D:15 }   Orc:2 %=:   Elf:1 %[}=}   Shoals:1 ?
Shoals:2 =   Depths:1 (

Portals:
Hell: Depths:1 Depths:2 Depths:3 Depths:4 Depths:5
Abyss: Depths:4
Pandemonium: Depths:3
Ziggurat: Depths:1

Annotations:
Slime:5 Royal Jelly
Vaults:1 2 runed doors, Kakkak's ghost, adept HOFi
Vaults:4 Mara


Innate Abilities, Weirdness & Mutations

You are small and have problems with some larger weapons.
You are somewhat resistant to further mutation.


Message History

The azure jelly hits you but does no damage.
You block the azure jelly's attack.
The acid blob spits acid past the Royal Jelly.
The acid blob spits acid at you. The splash of acid hits you! You resist.
* * * LOW HITPOINT WARNING * * *
The acid corrodes you!
You are splashed with acid!
The acid burns!
You resist.
* * * LOW HITPOINT WARNING * * *
The death ooze hits your Royal Jelly!
The death ooze completely misses your Royal Jelly.
Your Royal Jelly shimmers and vanishes!
The acid blob spits acid at you. The splash of acid hits you! You resist.
* * * LOW HITPOINT WARNING * * *
You are splashed with acid!
The acid burns!
You resist.
* * * LOW HITPOINT WARNING * * *
The acid blob spits acid at you. The splash of acid hits you!
The acid corrodes you!
You are splashed with acid!
The acid burns!
You resist.
You die...

##....................
.....................
##...................
#....................
##...................
#...^................
##...................
###...................#
.......@.............
....................##
#......J.............#
##..........J........#
#.......J..........###
##.......JJ...........
#.........G........#
#..........JJJ.J....#
##.........J...G....#


You could see 3 acid blobs, 3 azure jellies, a great orb of eyes and 2 death
oozes.

Vanquished Creatures
  An ancient lich (WizLab)
  A juggernaut (Depths:5)
  Boris (Vaults:4)
  Margery (Depths:4)
  Saint Roka (Vaults:4)
  2 golden dragons (Depths:5)
  A bone dragon (Depths:5)
  5 tentacled monstrosities
  4 liches
  2 deep elf blademasters (Elf:3)
  2 quicksilver dragons (Depths:5)
  A deep elf master archer (Elf:3)
  Polyphemus (Shoals:4)
  Asterion (Vaults:3)
  4 acid blobs
  An ancient champion (WizLab)
  Kirke (D:13)
  Gastronok (Lair:1)
  3 sphinxes
  A shadow dragon (Vaults:4)
  Agnes (D:15)
  A tengu reaver (Vaults:2)
  A storm dragon (Vaults:3)
  5 fire giants
  A nagaraja (Depths:2)
  8 azure jellies
  A curse skull (Vaults:2)
  9 frost giants
  8 deep elf sorcerers
  13 vault wardens
  3 ghost moths (Spider:4)
  A draconian shifter (Depths:5)
  A draconian scorcher (Depths:5)
  8 emperor scorpions
  12 ironheart preservers
  A reaper (Depths:2)
  3 spriggan defenders
  21 stone giants
  4 entropy weavers
  13 very ugly things
  A green draconian (Depths:5)
  3 vampire knights
  A yellow draconian (Depths:5)
  2 white draconians (Depths:2)
  A minotaur (Lab)
  6 deep elf annihilators
  A red draconian (Depths:5)
  A spark wasp (Spider:3)
  2 blizzard demons (Depths:2)
  13 fire dragons
  9 merfolk impalers
  8 deep elf death magi
  2 merfolk javelineers
  7 ettins
  A crystal guardian (Vaults:3)
  Snorg (D:13)
  Josephine (D:15)
  3 deep elf high priests
  15 yaktaur captains
  5 vault guards
  13 ogre magi
  11 great orbs of eyes
  8 hydras
  8 rakshasas
  5 jiangshi
  Fannar (D:10)
  Harold (Lair:2)
  16 ice dragons
  A mummy priest (Depths:2)
  An anaconda (Depths:2)
  10 centaur warriors
  3 spriggan air magi
  3 catoblepae (Lair:6)
  A large abomination (Vaults:3)
  2 merfolk aquamancers
  4 death knights
  30 dancing weapons
  Erica (D:10)
  26 two-headed ogres
  3 merfolk avatars
  9 satyrs
  4 tengu warriors
  8 deep troll shamans
  6 deep troll earth magi
  The ghost of Zymi the Destroyer, a journeyman DECj of Vehumet (Lair:2)
  4 vampire magi
  15 death yaks
  Urug (D:13)
  6 spriggan berserkers
  3 hell knights (Depths:4)
  7 iron trolls
  Sonja (Lair:2)
  14 deep elf knights
  2 shadow wraiths
  4 unseen horrors
  19 skeletal warriors
  6 sea snakes
  6 glowing orange brains
  4 wizards
  19 deep trolls
  An orange crystal statue (Vaults:1)
  21 deep elf archers
  6 necromancers
  4 lindwurms (Depths:2)
  10 harpies
  11 ironbrand convokers
  5 phantasmal warriors
  44 ugly things
  2 shining eyes
  14 orc knights
  23 orb spiders
  29 wolf spiders
  A manticore (shapeshifter) (Depths:5)
  A fire giant zombie (Vaults:1)
  6 orc sorcerers
  2 oklob plants (Lair:6)
  9 cyclopes
  62 deep elf magi
  10 vault sentinels
  13 fauns
  10 manticores
  3 black mambas
  3 centaur zombies
  A guardian serpent (Depths:2)
  Maurice (D:11)
  3 water nymphs
  A naga mage (Depths:2)
  10 merfolk sirens
  17 elephants
  5 torpor snails
  2 eyes of devastation
  5 komodo dragons
  A spiny frog (shapeshifter) (Depths:1)
  3 gargoyles
  9 demonic crawlers
  9 spiny frogs
  A hellion (Depths:1)
  2 rime drakes (Lair:1)
  6 freezing wraiths
  5 kobold demonologists
  54 yaktaurs
  A yaktaur (shapeshifter) (Vaults:3)
  2 guardian mummies (Depths:2)
  A red devil (Depths:1)
  5 tengu conjurers
  6 meliai
  28 jumping spiders
  A jumping spider (shapeshifter) (Vaults:1)
  2 polar bears (Lair:2)
  13 hornets
  A troll (shapeshifter) (Vaults:4)
  25 merfolk
  9 trolls
  4 tyrant leeches (Depths:5)
  12 hippogriffs
  10 snapping turtles
  5 wind drakes
  80 slime creatures
  13 blink frogs
  9 dream sheep
  2 hippogriffs (shapeshifter)
  A meliai zombie (D:12)
  An ettin skeleton (Vaults:1)
  25 water elementals
  Sigmund (D:2)
  5 air elementals
  45 redbacks
  4 vampires (WizLab)
  3 spriggans (Lair:2)
  23 tarantellas
  7 wraiths
  A shadow (Lab)
  58 yaks
  2 humans (shapeshifter)
  4 wyverns
  A golden eye (shapeshifter) (Vaults:4)
  A hog (D:13)
  3 golden eyes (Slime:1)
  2 basilisks
  A steam dragon (Lair:3)
  8 hungry ghosts
  7 fire elementals
  A vampire mosquito (D:13)
  A soldier ant (D:15)
  10 wargs
  2 two-headed ogre zombies (WizLab)
  3 acid dragons
  A floating eye (Depths:3)
  9 hell hounds (Depths:3)
  10 porcupines
  10 water moccasins
  An ice beast (D:12)
  45 orc warriors
  An elf zombie (Vaults:1)
  4 eyes of draining
  38 ogres
  2 black bears (D:9)
  11 sky beasts
  A phantom (D:8)
  3 boggarts (Depths:2)
  36 wolves (Lair:1)
  2 necrophages
  26 centaurs
  5 crocodiles
  5 big kobolds
  16 bullfrogs
  A bullfrog (shapeshifter) (Elf:2)
  2 wyvern zombies (D:11)
  5 earth elementals
  2 gnoll sergeants
  2 wyvern skeletons
  2 scorpions
  A hornet simulacrum (Vaults:1)
  14 killer bees
  8 troll zombies (WizLab)
  2 human simulacra
  16 wights
  6 electric eels
  2 howler monkeys
  15 crimson imps
  A yaktaur simulacrum (Vaults:1)
  7 jellies
  Crazy Yiuf (D:2)
  5 hounds
  3 bullfrog skeletons
  20 orc priests
  28 orc wizards
  2 centaur skeletons
  6 iguanas
  A worker ant (shapeshifter) (Vaults:1)
  14 worker ants
  Natasha (thrice) (D:2)
  7 ogre zombies (WizLab)
  A hound skeleton (D:6)
  A mummy (Depths:2)
  A worker ant zombie (D:7)
  Robin (D:2)
  12 gnolls
  11 adders
  5 shadow imps
  5 oozes (D:9)
  An adder zombie (D:7)
  3 adder skeletons
  7 worms
  A dart slug (D:1)
  2 leopard geckos
  70 orcs
  6 giant cockroaches
  15 goblins
  18 hobgoblins
  7 jackals
  28 kobolds
  5 quokkas
  10 bats
  5 frilled lizards
  A jackal skeleton (D:8)
  2 jackal zombies
  2 leopard gecko zombies (D:7)
  A quokka skeleton (D:7)
  6 rats
  A crawling corpse (Vaults:3)
  3 plants
2027 creatures vanquished.

Vanquished Creatures (collateral kills)
  Xtahua (Vaults:3)
  A frost giant (Depths:5)
  A draconian knight (Depths:5)
  2 vault wardens
  A black draconian (Depths:5)
  2 stone giants
  2 white draconians (Depths:5)
  3 merfolk impalers
  A yaktaur captain (Depths:1)
  A great orb of eyes (Slime:5)
  A rakshasa (Depths:1)
  3 alligator snapping turtles
  2 ice dragons
  A merfolk avatar (Shoals:1)
  A satyr (Shoals:4)
  A dancing weapon (Elf:2)
  An anaconda (Depths:2)
  A catoblepas (Shoals:4)
  A tengu warrior (Depths:1)
  A deep troll shaman (Depths:5)
  An iron troll (Depths:5)
  A deep elf knight (Elf:2)
  2 harpies
  A deep elf mage (Elf:2)
  An ugly thing (Depths:1)
  A cyclops (Shoals:4)
  A faun (Shoals:4)
  2 manticores (Shoals:4)
  A merfolk siren (Shoals:4)
  A naga mage (Depths:2)
  A water nymph (Shoals:4)
  3 yaktaurs
  A wind drake (Shoals:4)
  5 merfolk
  4 snapping turtles
  A tarantella (Depths:2)
  4 water elementals (Depths:5)
  A hog (shapeshifter) (Depths:5)
60 creatures vanquished.

Vanquished Creatures (others)
  A deep elf master archer (Elf:3)
  2 fire giants
  A centaur warrior (Depths:1)
  A merfolk aquamancer (Shoals:4)
  4 satyrs
  A vampire mage (Depths:3)
  A deep elf archer (Vaults:2)
  2 yaktaurs
  A tarantella (Spider:1)
  A human (D:13)
  An ogre (Vaults:3)
  2 centaurs
  A jelly (Depths:2)
  An orc (Orc:2)
  23 fungi
  73 plants
  12 tentacles (Shoals:1)
128 creatures vanquished.

Grand Total: 2215 creatures vanquished

Notes
Turn   | Place    | Note
-------+----------+-------------------------------------------
     0 | D:1      | EvilAliv3 the Halfling Berserker began the quest for the
                  | Orb.
     0 | D:1      | Reached XP level 1. HP: 15/15 MP: 1/1
   271 | D:1      | Reached XP level 2. HP: 19/20 MP: 2/2
   561 | D:1      | Reached XP level 3. HP: 25/25 MP: 3/3
  1403 | D:2      | Noticed Sigmund
  1579 | D:2      | Reached XP level 4. HP: 30/31 MP: 4/4
  1593 | D:2      | Reached ** piety under Trog
  1679 | D:2      | Found a faded altar of an unknown god.
  1679 | D:2      | Noticed Natasha
  1694 | D:2      | Killed Natasha
  1943 | D:2      | Noticed Robin
  2051 | D:2      | Noticed Natasha
  2069 | D:2      | Killed Natasha
  2069 | D:2      | Reached XP level 5. HP: 36/36 MP: 5/5
  2142 | D:2      | Noticed Natasha
  2158 | D:2      | Killed Natasha
  2572 | D:2      | Found a glowing silver altar of Zin.
  2593 | D:2      | Killed Sigmund
  2593 | D:2      | Reached XP level 6. HP: 43/43 MP: 6/6
  2650 | D:2      | Killed Robin
  2650 | D:2      | Reached skill level 5 in Long Blades
  2793 | D:2      | Found a runed door.
  2797 | D:2      | Noticed Crazy Yiuf
  2803 | D:2      | Killed Crazy Yiuf
  2971 | D:3      | Reached XP level 7. HP: 18/47 MP: 7/7
  3777 | D:3      | Reached *** piety under Trog
  3982 | D:4      | Found Turagihat's General Store.
  4383 | D:4      | Bought a scroll of immolation for 38 gold pieces
  4383 | D:4      | Bought a scroll of fog for 22 gold pieces
  4383 | D:4      | Bought a +0 buckler for 49 gold pieces
  4597 | D:4      | Reached skill level 1 in Shields
  4597 | D:4      | Reached XP level 8. HP: 47/54 MP: 8/8
  5398 | D:5      | Entered Level 5 of the Dungeon
  5638 | D:5      | Found an ornate altar of the Wu Jian Council.
  5647 | D:5      | Reached skill level 5 in Armour
  5654 | D:5      | Found a staircase to the Ecumenical Temple.
  5713 | D:5      | Reached skill level 5 in Dodging
  5851 | D:5      | Found a blossoming altar of Fedhas.
  6433 | D:6      | Reached XP level 9. HP: 60/60 MP: 9/9
  6436 | D:6      | Reached **** piety under Trog
  6791 | D:6      | Reached skill level 5 in Fighting
  7398 | D:7      | Found an opulent altar of Gozag.
  7658 | D:7      | Found a sparkling altar of Nemelex Xobeh.
  7661 | D:7      | Found a glowing golden altar of the Shining One.
  7664 | D:7      | Found a deep blue altar of Sif Muna.
  8977 | D:8      | Reached XP level 10. HP: 67/67 MP: 10/10
  9236 | D:8      | Found a burning altar of Makhleb.
  9442 | D:9      | Found a shadowy altar of Dithmenos.
  9445 | D:9      | Reached ***** piety under Trog
  9509 | D:9      | Reached skill level 5 in Shields
  9700 | D:9      | Received a gift from Trog
 10284 | D:9      | Found a transporter.
 10285 | D:9      | Found a transporter.
 10500 | D:9      | Reached XP level 11. HP: 73/74 MP: 11/11
 10517 | D:9      | Got a transparent plate armour
 10567 | D:9      | Identified the +11 plate armour "Naunk" {Int+3 Slay+3} (You
                  | found it on level 9 of the Dungeon)
 10607 | D:9      | Found a roughly hewn altar of Beogh.
 10616 | D:9      | Reached skill level 10 in Long Blades
 10616 | D:9      | Reached skill level 1 in Slings
 10760 | D:10     | Entered Level 10 of the Dungeon
 10782 | D:10     | Found an opulent altar of Gozag.
 10793 | D:10     | Noticed Erica
 10814 | D:10     | Killed Erica
 10904 | D:10     | Got a faintly glowing chain mail
 11041 | D:10     | Found Enef's Weapon Emporium.
 11042 | D:10     | Noticed Fannar
 11095 | D:10     | Found a staircase to the Lair.
 11124 | D:10     | Killed Fannar
 11138 | D:10     | Identified the +0 chain mail "Pyell" {Int+4} (You found it
                  | on level 10 of the Dungeon)
 11380 | D:10     | Received a gift from Trog
 11434 | D:11     | Found Kiwakhlalyt's Antique Armour Emporium.
 11663 | D:11     | Noticed Maurice
 11690 | D:11     | Killed Maurice
 11690 | D:11     | Reached skill level 5 in Slings
 11731 | D:11     | Noticed a four-headed hydra
 11743 | D:11     | Killed a one-headed hydra
 11743 | D:11     | Reached XP level 12. HP: 74/81 MP: 12/12
 11748 | D:11     | Found a staircase to the Orcish Mines.
 12102 | D:11     | Found a portal to a secret trove of treasure.
 12287 | D:12     | Found a labyrinth entrance.
 12296 | Lab      | Entered a labyrinth
 14185 | Lab      | Identified the ring "Ufoepeq" {+Fly rF+ SInv}
 14185 | Lab      | Noticed a minotaur
 14197 | Lab      | Killed a minotaur
 14327 | D:12     | Noticed a two-headed ogre
 14334 | D:12     | Killed a two-headed ogre
 14343 | D:12     | Noticed an unseen horror
 14349 | D:12     | Killed an unseen horror
 14593 | D:12     | Received a gift from Trog
 14765 | D:13     | Found a gate to the Vaults.
 14786 | D:13     | Noticed Urug
 14804 | D:13     | Killed Urug
 14804 | D:13     | Reached XP level 13. HP: 89/89 MP: 13/13
 14830 | D:13     | Noticed Snorg
 14992 | D:13     | Killed Snorg
 15012 | D:13     | Noticed Kirke
 15652 | Lair:1   | Entered Level 1 of the Lair of Beasts
 15717 | Lair:1   | Noticed a five-headed hydra
 15726 | Lair:1   | Killed a two-headed hydra
 15746 | Lair:1   | Reached skill level 10 in Dodging
 16007 | Lair:1   | Reached skill level 10 in Armour
 16012 | Lair:1   | Received a gift from Trog
 16313 | Lair:1   | Noticed Gastronok
 16331 | Lair:1   | Killed Gastronok
 16696 | Lair:2   | Noticed Harold
 16725 | Lair:2   | Noticed Sonja
 16764 | Lair:2   | Killed Harold
 16845 | Lair:2   | Found a staircase to the Shoals.
 16862 | Lair:2   | Reached skill level 1 in Evocations
 16921 | Lair:2   | Found a runed door.
 16926 | Lair:2   | Noticed Zymi's ghost (journeyman DECj)
 16970 | Lair:2   | Killed Zymi's ghost
 16979 | Lair:2   | Reached XP level 14. HP: 39/97 MP: 15/15
 16982 | Lair:2   | Got a steaming spear {drain}
 16998 | Lair:2   | Identified the +1 spear "Ocia" {drain, rPois rF+ MR+} (You
                  | took it off a spriggan on level 2 of the Lair of Beasts)
 17244 | Lair:2   | Paralysed by Sonja for 3 turns
 17511 | Lair:2   | Received a gift from Trog
 17511 | Lair:2   | Reached skill level 10 in Slings
 17565 | Lair:2   | Paralysed by Sonja for 6 turns
 17577 | Lair:2   | Killed Sonja
 18279 | Lair:3   | Identified the +2 hunting sling of Vanity {velocity, rPois
                  | rN+} (You found it on level 3 of the Lair of Beasts)
 18581 | Lair:4   | Found a hole to the Spider Nest.
 18612 | Lair:4   | Received a gift from Trog
 19803 | Lair:6   | Entered Level 6 of the Lair of Beasts
 19829 | Lair:6   | Reached skill level 10 in Fighting
 20130 | Lair:6   | Reached skill level 5 in Evocations
 20160 | Lair:6   | Received a gift from Trog
 20311 | Lair:5   | Reached XP level 15. HP: 90/104 MP: 19/19
 20733 | Lair:6   | Received a gift from Trog
 21295 | Lair:6   | Found a staircase to the Slime Pits.
 21691 | Lair:6   | Received a gift from Trog
 21924 | Shoals:1 | Entered Level 1 of the Shoals
 21947 | Shoals:1 | Found Erohan's Magic Scroll Emporium.
 21965 | Shoals:1 | Bought a scroll of identify for 20 gold pieces
 21965 | Shoals:1 | Bought a scroll of blinking for 75 gold pieces
 21965 | Shoals:1 | Bought a scroll of identify for 20 gold pieces
 21965 | Shoals:1 | Bought a scroll of identify for 20 gold pieces
 21965 | Shoals:1 | Bought a scroll of identify for 20 gold pieces
 21965 | Shoals:1 | Bought a scroll of holy word for 75 gold pieces
 21965 | Shoals:1 | Bought a scroll of identify for 20 gold pieces
 22501 | Shoals:1 | Noticed a kraken
 23138 | Shoals:2 | Found Bonotzai's Jewellery Shoppe.
 23147 | Shoals:2 | Bought the ring of the Mutiny {rPois rF++ rN+ Str-2 Stlth-}
                  | for 398 gold pieces
 23766 | Shoals:2 | Reached XP level 16. HP: 114/114 MP: 22/22
 24638 | Shoals:3 | Received a gift from Trog
 25020 | Shoals:3 | Reached ****** piety under Trog
 25020 | Shoals:3 | Received a gift from Trog
 25191 | Shoals:3 | Reached skill level 10 in Evocations
 25631 | Shoals:4 | Entered Level 4 of the Shoals
 26668 | Shoals:4 | Noticed Polyphemus
 26809 | Shoals:4 | Received a gift from Trog
 26950 | Shoals:4 | Reached XP level 17. HP: 63/123 MP: 25/25
 27609 | Shoals:4 | Killed Polyphemus
 28045 | Shoals:4 | Got a barnacled rune of Zot
 28381 | Spider:1 | Entered Level 1 of the Spider Nest
 28405 | Spider:1 | Received a gift from Trog
 28740 | Spider:1 | Got a vibrating steel ring
 28741 | Spider:1 | Identified the ring of the Sturgeon {+Fly SInv} (You found
                  | it on level 1 of the Spider Nest)
 29049 | Spider:1 | Upgraded the game from 0.23-a0-389-g4a5eb33 to
                  | 0.23-a0-391-g8c51ad5
 29378 | Spider:2 | Received a gift from Trog
 30048 | Spider:2 | Reached skill level 15 in Fighting
 30290 | Spider:3 | Reached XP level 18. HP: 84/134 MP: 27/27
 30990 | Spider:3 | Received a gift from Trog
 31259 | Spider:4 | Entered Level 4 of the Spider Nest
 31438 | Spider:4 | Received a gift from Trog
 31443 | Spider:4 | Identified the +5 hunting sling of Recklessness {flame,
                  | +Blink rElec rPois rN+} (Trog gifted it to you on level 4
                  | of the Spider Nest)
 32483 | Spider:4 | Got a gossamer rune of Zot
 32778 | D:11     | Bought a shiny helmet for 195 gold pieces
 32808 | Orc:1    | Entered Level 1 of the Orcish Mines
 32961 | Orc:2    | Entered Level 2 of the Orcish Mines
 33153 | Orc:2    | Received a gift from Trog
 33345 | Orc:2    | Received a gift from Trog
 33670 | Orc:2    | Found a staircase to the Elven Halls.
 33689 | Orc:2    | Found Fakyph's Jewellery Shoppe.
 33689 | Orc:2    | Found Oddyatiz's Food Shop.
 33691 | Orc:2    | Found Weinal's Armour Boutique.
 33693 | Orc:2    | Found Ecaosueg's Book Emporium.
 33701 | Orc:2    | Bought the macabre finger necklace {rN+} for 520 gold
                  | pieces
 33701 | Orc:2    | Found the macabre finger necklace {rN+}
 33796 | Orc:2    | Received a gift from Trog
 34563 | D:13     | Killed Kirke
 35168 | Vaults:1 | Entered Level 1 of the Vaults
 35261 | D:13     | Reached XP level 19. HP: 137/143 MP: 28/28
 35514 | D:14     | Received a gift from Trog
 35667 | D:14     | Identified the +9 executioner's axe "Ganodaora" {chop, rF+
                  | Stlth+} (You found it on level 14 of the Dungeon)
 35863 | D:14     | Found a deep blue altar of Sif Muna.
 36085 | D:14     | Received a gift from Trog
 36668 | D:15     | Entered Level 15 of the Dungeon
 36733 | D:15     | Noticed Josephine
 36743 | D:15     | Killed Josephine
 36775 | D:15     | Received a gift from Trog
 36855 | D:15     | Noticed Agnes
 36869 | D:15     | Killed Agnes
 37151 | D:15     | Found Muynioz's Gadget Boutique.
 37161 | D:15     | Bought a wand of iceblast (11) for 255 gold pieces
 37161 | D:15     | Bought a box of beasts for 340 gold pieces
 37671 | D:15     | Found a staircase to the Depths.
 38878 | Vaults:1 | Received a gift from Trog
 38902 | Vaults:1 | Identified the +1 quarterstaff of Massacring {protect,
                  | rElec rC+ Dex+4} (Trog gifted it to you on level 1 of the
                  | Vaults)
 40097 | Vaults:1 | Reached XP level 20. HP: 115/151 MP: 29/29
 41014 | Vaults:1 | Found a large runed door.
 41015 | Vaults:1 | Found a large runed door.
 41323 | Vaults:1 | Noticed Kakkak's ghost (adept HOFi)
 41659 | Vaults:2 | Received a gift from Trog
 41672 | Vaults:2 | Upgraded the game from 0.23-a0-391-g8c51ad5 to
                  | 0.23-a0-393-g6e9e0f2
 43088 | Orc:2    | Bought an uncursed ring of protection from magic for 325
                  | gold pieces
 43235 | D:15     | Bought a sack of spiders for 340 gold pieces
 43235 | D:15     | Bought a sack of spiders for 340 gold pieces
 43235 | D:15     | Bought a wand of iceblast (10) for 238 gold pieces
 43526 | Elf:1    | Entered Level 1 of the Elven Halls
 43623 | Elf:1    | You fall through a shaft!
 43623 | Elf:2    | Found a runed gate.
 43636 | Elf:2    | Found a runed gate.
 43637 | Elf:2    | Found a runed gate.
 43723 | Elf:2    | Found a deep blue altar of Sif Muna.
 43836 | Elf:2    | Identified a scroll of acquirement
 43838 | Elf:2    | Got a pair of crude boots
 43839 | Elf:2    | Identified the +2 pair of boots of Liberalism {-Tele rF+++
                  | rC- rCorr} (You acquired it on level 2 of the Elven Halls)
 44316 | Elf:2    | Received a gift from Trog
 45184 | Elf:2    | Reached skill level 15 in Long Blades
 46145 | Elf:1    | Found Ympieps's Gadget Shop.
 46220 | Elf:1    | Received a gift from Trog
 46326 | Elf:1    | Reached XP level 21. HP: 160/160 MP: 30/30
 46413 | Elf:1    | Reached skill level 15 in Dodging
 46442 | Elf:1    | Found Someud's Food Shop.
 46447 | Elf:1    | Found Jyalicze's Gadget Boutique.
 46447 | Elf:1    | Found Feeqapt's Antique Armour Shop.
 46462 | Elf:1    | Received a gift from Trog
 46469 | Elf:1    | Reached skill level 15 in Armour
 46479 | Elf:1    | Found Dube's Jewellery Boutique.
 47345 | Elf:3    | Entered Level 3 of the Elven Halls
 47378 | Elf:2    | Upgraded the game from 0.23-a0-393-g6e9e0f2 to
                  | 0.23-a0-395-gcf17ac6
 48155 | Elf:3    | Received a gift from Trog
 48830 | Elf:3    | Identified the +4 hunting sling of Kidablog {flame, rElec
                  | rPois Int+3 Dex-2} (You found it on level 3 of the Elven
                  | Halls)
 48855 | Elf:3    | Identified the +2 cloak of Winter {rPois rC+} (You found it
                  | on level 3 of the Elven Halls)
 48905 | Elf:3    | Identified Iladd's Compendium of the Mountains and Stolen
                  | Souls
 48933 | Elf:3    | Identified the +12 long sword of the Ass {slice, Dex+2
                  | Stlth+} (You found it on level 3 of the Elven Halls)
 49227 | Elf:1    | Bought a wand of iceblast (14) for 234 gold pieces
 49227 | Elf:1    | Bought a box of beasts for 260 gold pieces
 49439 | Vaults:2 | Received a gift from Trog
 50385 | Vaults:2 | Reached XP level 22. HP: 168/168 MP: 31/31
 50811 | Vaults:2 | Found a staircase to the Crypt.
 51283 | Vaults:3 | Identified a +0 pair of boots of running (You acquired it
                  | on level 3 of the Vaults)
 51555 | Vaults:3 | Received a gift from Trog
 51853 | Vaults:3 | Received a gift from Trog
 52184 | Vaults:3 | Noticed Xtahua
 52197 | Vaults:3 | Killed Xtahua
 52285 | Vaults:3 | Received a gift from Trog
 52647 | Vaults:3 | Noticed Asterion
 52671 | Vaults:3 | Killed Asterion
 53054 | Vaults:3 | Received a gift from Trog
 53285 | Vaults:4 | Reached XP level 23. HP: 166/176 MP: 33/33
 53493 | Vaults:4 | Received a gift from Trog
 53647 | Vaults:4 | Noticed Boris
 53662 | Vaults:4 | Killed Boris
 54138 | Vaults:4 | Received a gift from Trog
 54214 | Vaults:4 | Noticed Saint Roka
 54240 | Vaults:4 | Killed Saint Roka
 54778 | Vaults:4 | Noticed Mara
 54799 | Vaults:4 | Noticed EvilAliv3's illusion
 54891 | Vaults:4 | Noticed EvilAliv3's illusion
 55885 | Depths:1 | Entered Level 1 of the Depths
 55933 | D:15     | Received a gift from Trog
 56232 | Depths:1 | Found a shattered altar of Ashenzari.
 56355 | Depths:1 | Found Feten's Antique Weapon Shoppe.
 56390 | Depths:1 | Received a gift from Trog
 56617 | Depths:1 | Found a gateway to a ziggurat.
 57355 | Depths:1 | Reached XP level 24. HP: 178/185 MP: 30/33
 57851 | Depths:1 | Received a gift from Trog
 57883 | Depths:1 | Found a snail-covered altar of Cheibriados.
 58590 | Shoals:1 | Bought a scroll of enchant armour for 75 gold pieces
 58590 | Shoals:1 | Bought a scroll of enchant armour for 75 gold pieces
 58958 | Depths:1 | Found a gateway to Hell.
 59344 | Depths:2 | Received a gift from Trog
 59623 | Depths:2 | Received a gift from Trog
 59630 | Depths:2 | Got a flickering ruby amulet
 59631 | Depths:2 | Identified the amulet "Udghost" {Acrobat rElec rC- MR+
                  | Str+7} (You acquired it on level 2 of the Depths)
 59634 | Depths:2 | Upgraded the game from 0.23-a0-395-gcf17ac6 to
                  | 0.23-a0-398-g8eab93f
 60090 | Depths:2 | Found a large runed door.
 60090 | Depths:2 | Found a large runed door.
 60868 | Depths:2 | Reached skill level 15 in Evocations
 60973 | Depths:2 | Identified the +5 rapier of Cheibriados's Wrath {freeze,
                  | Str+2 SInv Stlth-}
 60998 | Depths:2 | Reached XP level 25. HP: 193/193 MP: 34/34
 61109 | Depths:3 | Found a one-way gate leading to the halls of Pandemonium.
 61131 | Depths:3 | Received a gift from Trog
 61140 | Depths:3 | Paralysed by a floating eye for 4 turns
 61156 | Depths:3 | Paralysed by a floating eye for 4 turns
 61163 | Depths:3 | Paralysed by a floating eye for 4 turns
 61758 | Depths:3 | Received a gift from Trog
 62183 | Depths:3 | Found the +6 Majin-Bo {vamp, Archmagi MP+6 Int+6}
 62443 | Depths:3 | Found an iron altar of Okawaru.
 62849 | Depths:4 | Noticed Margery
 62880 | Depths:4 | Killed Margery
 63019 | Depths:4 | Found a one-way gate to the infinite horrors of the Abyss.
 64279 | Depths:5 | Entered Level 5 of the Depths
 64282 | Depths:5 | Noticed a juggernaut
 64411 | Depths:5 | Killed a juggernaut
 64469 | Depths:5 | Found a magical portal.
 64478 | WizLab   | Entered Zonguldrok's Shrine
 64588 | WizLab   | Received a gift from Trog
 64688 | WizLab   | Received a gift from Trog
 64778 | WizLab   | Noticed an antique lich
 64791 | WizLab   | Killed an antique lich
 64791 | WizLab   | Reached XP level 26. HP: 202/202 MP: 34/34
 64803 | WizLab   | Found the +9 sword of Zonguldrok {reap}
 65512 | Depths:5 | Found a gate to the Realm of Zot.
 66116 | Depths:5 | Received a gift from Trog
 67083 | D:11     | You paid a toll of 15 scrolls of teleportation to enter a
                  | treasure trove
 67084 | Trove    | Entered a treasure trove
 67093 | Trove    | Got a translucent graven amulet
 67094 | Trove    | Identified the amulet "Dyttocweaf" {Spirit rElec Int+4}
                  | (You found it in a treasure trove)
 67106 | Trove    | Got a brightly glowing jade ring
 67107 | Trove    | Identified the ring of the Countless Moons {MR+ MP+9 Int+4}
                  | (You found it in a treasure trove)
 67134 | Trove    | Got a shimmering golden amulet
 67135 | Trove    | Identified the amulet of Freedom {Faith *Drain +Inv rC+++
                  | Dex-3} (You found it in a treasure trove)
 67142 | Trove    | Got a wavering iron ring
 67143 | Trove    | Identified the ring "Ywiatuvo" {*Slow rF+++ rC+ MR++ Int-3}
                  | (You found it in a treasure trove)
 67148 | Trove    | Got a slimy granite ring
 67149 | Trove    | Identified the ring of Dogma {rPois rF+ rN+ Str+3} (You
                  | found it in a treasure trove)
 67151 | Trove    | Got a warped garnet amulet
 67152 | Trove    | Identified the amulet of Funlup {Harm *Drain rF- Str+3
                  | Int+7} (You found it in a treasure trove)
 67160 | Trove    | Got a heavily runed bronze ring
 67161 | Trove    | Identified the ring "Falaroh" {+Blink rPois rN++ Str+2
                  | Dex-3} (You found it in a treasure trove)
 67163 | Trove    | Got a clouded glass ring
 67164 | Trove    | Identified the ring of Efuchaid {+Inv rN+} (You found it in
                  | a treasure trove)
 67167 | Trove    | Got a sparkling bone amulet
 67168 | Trove    | Identified the amulet "Sithram" {rC+ rN++ Regen+} (You
                  | found it in a treasure trove)
 67170 | Trove    | Got a steaming emerald amulet
 67174 | Trove    | Identified the amulet of Kaloso {*Corrode +Fly rN+ MR+
                  | Regen+ Dex+3} (You found it in a treasure trove)
 67176 | Trove    | Got a faintly glowing lead amulet
 67177 | Trove    | Identified the amulet of Existentialism {Faith +Inv rF+
                  | Str+2 Int-3} (You found it in a treasure trove)
 67497 | Slime:1  | Entered Level 1 of the Pits of Slime
 67519 | Slime:1  | Received a gift from Trog
 67848 | Slime:3  | Received a gift from Trog
 67878 | Slime:3  | Found a viscous altar of Jiyva.
 68193 | Slime:5  | Entered Level 5 of the Pits of Slime
 68283 | Slime:5  | Noticed the Royal Jelly
 68316 | Slime:5  | HP: 9/204 [acid[the Royal Jelly] (3)]
 68321 | Slime:5  | HP: 4/204 [acid[the Royal Jelly] (8)]
 68321 | Slime:5  | Splashed by an acid blob's acid

Vault maps used:
D:1:      dpeg_arrival_tiny_b
D:2:      lemuel_crystal_altar, chequers_ecumenical_altar_twisty, uniq_sigmund,
          uniq_crazy_yiuf_cottage, uniq_natasha, uniq_robin
D:3:      cheibrodos_greedy_goblins, chequers_hall_statues_wall_a
D:4:      serial_shops, nicolae_shop_stone
D:5:      old_standard_altar, fedhas_altar_fruit_tree, temple_pool_b,
          first_ration
D:6:      cheibrodos_thug_alley
D:7:      kennysheep_spiral_hall, lemuel_crystal_altar,
          grunt_temple_overflow_diamond
D:8:      makhleb_grotto_becter
D:9:      gammafunk_beogh_shrine, nicolae_dithmenos_the_darkroom,
          hangedman_little_slice_of_home, kennysheep_kite_vault
D:10:     erik_lair_orcish_takeover, serial_shops, nicolae_shop_waterfront,
          wad_floor_pattern_2, nicolae_gozag_cash_rules_everything_around_me,
          uniq_fannar, uniq_erica
D:11:     orc_0_dummy, enter_trove_6, serial_shops, shop, uniq_maurice
D:12:     lab_entry_generic
D:13:     minmay_the_grid_net, uniq_kirke, uniq_urug, uniq_snorg
D:14:     basic_altar, minmay_holes, hangedman_decor_riveting
D:15:     grunt_enter_depths_hoard, minmay_misc_feat_tower, serial_shops,
          nicolae_shop_competitors_out_of_business,
          chequers_serial_rivers_large_b, minmay_liquid_box, minivault_4,
          minmay_misc_feat_roman, minmay_tree_intersection,
          nrook_mini_backslash, uniq_josephine, uniq_agnes
Lair:1:   grunt_forest_large_clearings, grunt_megastairs_5, uniq_gastronok
Lair:2:   elwin_shoals_entry_stream, ebering_ghost_funeral_grove, uniq_sonja,
          uniq_harold
Lair:4:   nicolae_spider_entry_orb_guardian
Lair:6:   evilmike_catoblepas_cave, minmay_slime_entry_oklob_enclosed
Shoals:1: serial_shops, shop, nicolae_shoals_siren_and_animal_friends
Shoals:2: serial_shops, shop
Shoals:3: argonaut_golden_fleece
Shoals:4: shoals_end_grunt_garden, nicolae_shoals_circle_sea_wall,
          nicolae_shoals_hunting_party, uniq_polyphemus
Spider:1: hangedman_spider_trapstep
Spider:4: spider_rune_water
Slime:3:  basic_altar
Orc:2:    st_orc_rangers
Elf:1:    serial_shops, shop_fountains, minmay_elf_sorcery, minmay_shoptagon
Elf:2:    basic_altar, serial_sigils_hangedman_carve, grunt_ministairs_7,
          st_stairs_13, dk_noncrumbling_4
Elf:3:    elf_hall
Vaults:1: ebering_vaults_ghost_disaster_area, hangedman_vaults_trim,
          nicolae_vaults_statue_guard, nicolae_vaults_stairing_the_circle,
          ontoclasm_vaults_tryst, nicolae_vaults_border_crossing,
          vaults_room_grid, hangedman_vaults_locks, v_alt_pattern_1, v_pattern_5
Vaults:2: v_misc_33, minmay_crypt_entry_simple_box,
          nicolae_vaults_sealed_display, v_misc_23, st_lattice,
          nicolae_vaults_little_squares_6, hangedman_vaults_maws,
          ontoclasm_vaults_spin
Vaults:3: v_misc_13, hangedman_vaults_capsules,
          vaults_room_grunt_arrival_checkpoint, ontoclasm_vaults_ligature,
          ontoclasm_vaults_ring_large, v_pattern_1, hangedman_vaults_unwind,
          vaults_room_pool, nicolae_vaults_minivaults, ontoclasm_vaults_eye,
          v_misc_14, hangedman_vaults_pinch, nicolae_vaults_little_squares_1,
          nicolae_vaults_little_squares_3, uniq_xtahua, uniq_asterion
Vaults:4: vaults_mumra_chevron_long, vaults_room_boxed, v_misc_31,
          vaults_room_door_hall, nicolae_vaults_arrows, st_octagons_1,
          vaults_room_door_ring, serial_ice_g, v_misc_12, v_misc_27, v_misc_17,
          uniq_mara, uniq_boris, uniq_saint_roka
Depths:1: pf_snail_temple, enter_ziggurat_b, serial_shops, shop, hellmouth_1,
          nicolae_wwwww, nicolae_ashenzari_panopticon
Depths:2: lightli_eight_chambers, skrybe_limestone_x, pf_dread_powers_of_hell,
          infiniplex_staircase_river
Depths:3: minmay_guarded_unrand_majin_bo, minmay_misc_feat_chi,
          grunt_hell_horde, pan_entry, okawaru_ov_weapons_minmay
Depths:4: minmay_isolated_rectangles_in_corner, pf_hell_entry_tar_spiral,
          abyss_entry, nrook_mini_vaults, minmay_staircase_statues, uniq_margery
Depths:5: grunt_zot_entry_pinwheel, hell_entry, infiniplex_enter_wizlab_water,
          chequers_jeans, hangedman_stitches_earthworm
Lab:      labyrinth_watery, labyrinth_skeletal_remains, nicolae_lab_statue,
          nicolae_lab_arrow
Trove:    trove_jewel_1
WizLab:   wizlab_zonguldrok

Skill      XL: |  1  2  3  4  5  6  7  8  9 10 11 12 13 14 15 16 17 18 19 20 21 22 23 24 25 26 |
---------------+-------------------------------------------------------------------------------+-----
Fighting       | 3 4 5 6 7 8 9 10 11 13 15 16 17 18 19 20 21 22 | 22.8
Dodging        | 3 4 5 6 7 8 9 10 11 13 14 15 | 15.0
Long Blades    | 4 5 7 8 9 11 12 13 14 15 16 17 | 17.6
Armour         | 3 4 5 6 7 8 9 10 11 13 14 16 17 18 20 21 22 | 22.3
Shields        | 1 2 4 5 |  5.6
Slings         | 5 7 9 12 14 | 14.0
Evocations     | 1 5 8 11 12 13 14 15 | 15.0

Action                   |  1- 3 |  4- 6 |  7- 9 | 10-12 | 13-15 | 16-18 | 19-21 | 22-24 | 25-27 || total
-------------------------+-------+-------+-------+-------+-------+-------+-------+-------+-------++-------
Melee: Falchion          |   120 |   148 |   561 |       |       |       |       |       |       ||   829
       Long sword        |       |       |    93 |   382 |       |       |   205 |  1656 |  1005 ||  3341
       Scimitar          |       |       |       |   197 |   752 |  1668 |  1673 |       |       ||  4290
       Double sword      |       |       |       |   158 |   268 |       |    56 |       |   259 ||   741
       Demon blade       |       |       |       |       |       |       |     5 |    88 |       ||    93
 Fire: Fustibalus        |       |       |       |       |    66 |   118 |       |       |       ||   184
       Hunting sling     |       |       |       |       |       |    58 |   176 |    46 |    11 ||   291
Invok: Berserk           |       |     4 |     6 |    10 |     3 |    10 |     6 |    16 |    18 ||    73
       Trog's Hand       |       |     3 |     4 |     8 |     4 |     7 |    26 |    22 |    25 ||    99
       Brothers in Arms  |       |       |       |       |     3 |     6 |     1 |     4 |       ||    14
 Abil: Evoke Flight      |       |       |       |       |       |     1 |       |       |       ||     1
       Evoke Blink       |       |       |       |       |       |       |       |     5 |       ||     5
Evoke: Wand              |       |       |     1 |       |     2 |    21 |    17 |    10 |       ||    51
       Lightning rod     |       |       |       |       |     4 |     7 |    11 |     7 |       ||    29
       Box of beasts     |       |       |       |       |       |     6 |     3 |     1 |       ||    10
       Lamp of fire      |       |       |       |       |       |     1 |     4 |     6 |     1 ||    12
       Sack of spiders   |       |       |       |       |       |       |     7 |     4 |       ||    11
       Phial of floods   |       |       |       |       |       |       |       |     3 |       ||     3
       Phantom mirror    |       |       |       |       |       |       |       |       |     1 ||     1
  Use: Scroll            |       |     5 |     3 |    12 |    13 |     9 |    23 |    13 |    15 ||    93
       Potion            |       |       |     2 |       |     2 |     9 |     7 |     3 |     3 ||    26
 Stab: Sleeping          |     2 |       |       |       |       |       |       |       |       ||     2
       Petrified         |       |       |       |       |     3 |       |       |       |       ||     3
       Distracted        |       |       |       |       |     2 |     2 |       |     2 |     4 ||    10
       Invisible         |       |       |       |       |       |       |     1 |       |       ||     1
  Eat: Chunk             |     2 |    10 |    23 |    29 |    26 |    42 |    40 |    40 |    21 ||   233
       Ration            |       |       |     2 |     2 |     3 |     3 |     8 |     5 |     9 ||    32
Armor: Animal skin       |    10 |       |       |       |       |       |       |       |       ||    10
       Scale mail        |    20 |    33 |   100 |       |       |       |       |       |       ||   153
       Skin              |       |       |     6 |       |       |       |       |       |       ||     6
       Plate armour      |       |       |    91 |   303 |   498 |   931 |   758 |   486 |       ||  3067
       Crystal plate arm |       |       |       |       |       |       |       |   300 |   806 ||  1106
Dodge: Dodged            |    92 |    84 |   260 |   287 |   533 |   934 |   926 |   894 |   773 ||  4783
Block: Buckler           |       |       |   149 |   240 |   344 |   787 |   448 |   620 |   445 ||  3033
       Reflection        |       |       |     2 |    11 |     8 |    62 |     7 |    38 |    14 ||   142
       Other             |       |       |       |    22 |    51 |       |       |       |       ||    73
       Rpst.: Falchion   |    31 |    23 |    81 |       |       |       |       |       |       ||   135
       Long sword        |       |       |     4 |    43 |       |       |    18 |   166 |   116 ||   347
       Scimitar          |       |       |       |    22 |    96 |   176 |   166 |       |       ||   460
       Double sword      |       |       |       |    14 |    48 |       |    10 |       |    20 ||    92
       Demon blade       |       |       |       |       |       |       |       |     3 |       ||     3

Table legend:
 A = Non-vault XP
 B = Vault XP
 C = Vault XP percentage of total XP
 D = Non-vault monster count
 E = Vault monster count
 F = Vault count percentage of total count
                 A         B        C        D         E       F
            +---------+---------+-------+---------+---------+-------
      Total |  585788 |  454182 |  43.7 |    1377 |     722 |  34.4
            +---------+---------+-------+---------+---------+-------
        D:1 |      48 |       4 |   7.7 |      27 |       2 |   6.9
        D:2 |     125 |     331 |  72.6 |      17 |      12 |  41.4
        D:3 |     151 |      15 |   9.0 |      20 |       8 |  28.6
        D:4 |     718 |       0 |   0.0 |      28 |       0 |   0.0
        D:5 |     325 |       0 |   0.0 |      10 |       0 |   0.0
        D:6 |     685 |     111 |  13.9 |      21 |      10 |  32.3
        D:7 |     625 |     264 |  29.7 |      18 |       3 |  14.3
        D:8 |     982 |      48 |   4.7 |      13 |       1 |   7.1
        D:9 |    2186 |    2198 |  50.1 |      37 |      36 |  49.3
       D:10 |    1156 |    2545 |  68.8 |      18 |      11 |  37.9
       D:11 |    5067 |     469 |   8.5 |      30 |       1 |   3.2
       D:12 |    5854 |       0 |   0.0 |      43 |       0 |   0.0
       D:13 |   14970 |   11303 |  43.0 |      38 |      21 |  35.6
       D:14 |   13644 |       0 |   0.0 |      51 |       0 |   0.0
       D:15 |   20604 |    5822 |  22.0 |      47 |       8 |  14.5
     Lair:1 |    5806 |    5704 |  49.6 |      25 |      31 |  55.4
     Lair:2 |    5315 |    5399 |  50.4 |      25 |      12 |  32.4
     Lair:3 |    2261 |       0 |   0.0 |       7 |       0 |   0.0
     Lair:4 |    3079 |     586 |  16.0 |      15 |       1 |   6.2
     Lair:5 |   11276 |       0 |   0.0 |      27 |       0 |   0.0
     Lair:6 |   11590 |   13128 |  53.1 |      28 |      25 |  47.2
   Shoals:1 |    6669 |    2084 |  23.8 |      14 |       6 |  30.0
   Shoals:2 |    9750 |       0 |   0.0 |      19 |       0 |   0.0
   Shoals:3 |   20830 |    2021 |   8.8 |      44 |       2 |   4.3
   Shoals:4 |    8553 |   30733 |  78.2 |      29 |      48 |  62.3
   Spider:1 |    7049 |    2427 |  25.6 |      21 |       7 |  25.0
   Spider:2 |   17921 |       0 |   0.0 |      42 |       0 |   0.0
   Spider:3 |   13566 |       0 |   0.0 |      37 |       0 |   0.0
   Spider:4 |    4877 |   22486 |  82.2 |      19 |      42 |  68.9
    Slime:1 |   17379 |       0 |   0.0 |      33 |       0 |   0.0
    Slime:2 |     727 |       0 |   0.0 |       1 |       0 |   0.0
    Slime:3 |    3407 |       0 |   0.0 |      10 |       0 |   0.0
    Slime:4 |    5260 |       0 |   0.0 |       7 |       0 |   0.0
    Slime:5 |    5724 |    5704 |  49.9 |       6 |       4 |  40.0
      Orc:1 |    3420 |       0 |   0.0 |      24 |       0 |   0.0
      Orc:2 |    2848 |    5005 |  63.7 |      24 |      40 |  62.5
      Elf:1 |   10325 |    7438 |  41.9 |      17 |      11 |  39.3
      Elf:2 |   15487 |   24804 |  61.6 |      30 |      35 |  53.8
      Elf:3 |   14987 |   33689 |  69.2 |      28 |      22 |  44.0
   Vaults:1 |   23665 |   15503 |  39.6 |      56 |      26 |  31.7
   Vaults:2 |   27639 |   22746 |  45.1 |      45 |      33 |  42.3
   Vaults:3 |   42365 |   47354 |  52.8 |      64 |      47 |  42.3
   Vaults:4 |   16418 |   48961 |  74.9 |      28 |      59 |  67.8
   Depths:1 |   31339 |   36889 |  54.1 |      39 |      53 |  57.6
   Depths:2 |   40747 |   38721 |  48.7 |      47 |      45 |  48.9
   Depths:3 |   31647 |   11970 |  27.4 |      34 |      16 |  32.0
   Depths:4 |   38517 |    8169 |  17.5 |      41 |       5 |  10.9
   Depths:5 |   46635 |   32325 |  40.9 |      44 |      30 |  40.5
        Lab |       0 |    1790 | 100.0 |       0 |       4 | 100.0
     WizLab |   11570 |    5436 |  32.0 |      29 |       5 |  14.7
            +---------+---------+-------+---------+---------+-------
